 Dungeon Crawl Stone Soup version 0.25-a0-565-g8875c97ebb (webtiles) character file.

Game seed: 10497238250251421360, levelgen mode: deterministic

41 Flugslaktarn the Shield-Bearer (level 3, 0/34 HPs)
             Began as a Deep Dwarf Fighter on Feb 26, 2020.
             Killed by divine providence
             ... invoked by an orc priest
              (8 damage)
             ... on level 3 of the Dungeon.
             The game lasted 00:00:17 (414 turns).

Flugslaktarn the Shield-Bearer (Deep Dwarf Fighter)  Turns: 414, Time: 00:00:18

Health: 0/34       AC:  9    Str: 20    XL:     3   Next: 32%
Magic:  3/3        EV:  5    Int:  8    God:
Gold:   37         SH:  9    Dex: 12    Spells: 2/2 levels left

rFire    . . .     SeeInvis .   a - +0 war axe
rCold    . . .     Gourm    .   c - +0 kite shield
rNeg     . . .     Faith    .   k - +0 chain mail
rPois    .         Spirit   .   (no helmet)
rElec    .         Reflect  .   (no cloak)
rCorr    .         Harm     .   (no gloves)
MR       .....                  (no boots)
Stlth    ..........             (no amulet)
HPRegen  0.00/turn              (no ring)
MPRegen  0.08/turn              (no ring)

@: non-regenerating
A: damage resistance, heal wounds, sense surroundings 1, no regeneration
a: Heal Wounds


You were on level 3 of the Dungeon.
You were not hungry.

You visited 1 branch of the dungeon, and saw 3 of its levels.

You collected 37 gold pieces.

Inventory:

Hand Weapons
 a - a +0 war axe (weapon)
Missiles
 b - a throwing net (quivered)
Armour
 c - a +0 kite shield (worn)
 k - a +0 chain mail (worn)
   (You found it on level 2 of the Dungeon)
Scrolls
 g - a scroll of fog {unknown}
 h - a scroll of fear {unknown}
 i - a scroll of remove curse {unknown}
Potions
 d - a potion of might
 j - 2 potions of stabbing {unknown}
 l - a potion of flight {unknown}
Comestibles
 e - 4 rations


   Skills:
 * Level 3.2 Fighting
 * Level 3.0 Axes
 + Level 3.5 Armour
 + Level 3.6 Shields


You had 2 spell levels left.
You didn't know any spells.
Your spell library was empty.

Dungeon Overview and Level Annotations

Branches:
Dungeon (3/15)

Altars:


Innate Abilities, Weirdness & Mutations

You are resistant to damage.
You can heal yourself by infusing magical energy.
You passively map a small area around you.
You do not regenerate.


Message History

The orc priest shouts!
You hear a shout! x2
The orc priest calls down the wrath of Beogh upon you.
Beogh smites you!
There are monsters nearby!
There are monsters nearby!
There are monsters nearby!
An orc comes into view. It is wielding a +0 club.
You closely miss the bat. The bat hits you but does no damage.
An orc comes into view. It is wielding a +0 mace of draining.
The orc priest invokes the aid of Beogh against you.
Beogh smites you!
* * * LOW HITPOINT WARNING * * *
An orc comes into view. It is wielding a +0 whip.
You hear a shout! x2
You are too injured to fight recklessly!
You are too injured to fight recklessly!
You fail to use your ability.
You block the bat's attack.
The orc priest calls down the wrath of Beogh upon you.
Beogh smites you!
You die...

* #..####.### # * ,
######.......# # ,
.......#.###### #
.#####.....#########
#.#.#.##....... * o ,
#.....##....... ,.oo
#.#...##.......
.....#####.#...>........
..o..o.@...##..##.......
*
.....b.##.......#....<..
* ..#####
##.##.#.#.......
#.##[#.######## *
#.##.#<# #.##.#.# *
#......# ####.### ######
, , ######.#####.....


You could see an orc priest, 4 orcs and a bat.

Vanquished Creatures
  An iguana (D:2)
  A bat (D:2)
  2 giant cockroaches (D:1)
  A goblin (D:2)
  A hobgoblin (D:2)
  2 jackals (D:2)
  2 frilled lizards (D:2)
  3 kobolds
  2 rats (D:1)
15 creatures vanquished.

Notes
Turn   | Place    | Note
-------+----------+-------------------------------------------
     0 | D:1      | Flugslaktarn the Deep Dwarf Fighter began the quest for the
                  | Orb.
     0 | D:1      | Reached XP level 1. HP: 20/20 MP: 1/1
   163 | D:2      | Noticed an iguana
   173 | D:2      | Reached XP level 2. HP: 14/27 MP: 2/2
   176 | D:2      | Reached XP level 3. HP: 14/34 MP: 3/3
   414 | D:3      | Killed from afar by an orc priest

Levels and vault maps discovered:
D:1:      dpeg_arrival_prison, layout_basic
D:2:      layout_rooms, okawaru_gym_becter
D:3:      layout_loops_cross, lemuel_round_altar, first_ration, uniq_natasha

Skill      XL: |  1  2  3 |
---------------+----------+-----
Fighting       | 3 |  3.2
Axes           | 3 |  3.0
Armour         | |  3.5
Shields        | |  3.6

Action                   || total
-------------------------++-------
Melee: War axe           ||    47
 Abil: Heal Wounds       ||     1
Armor: Scale mail        ||    15
       Chain mail        ||    12
Dodge: Dodged            ||    11
Block: Kite shield       ||    32

Table legend:
 A = Non-vault XP
 B = Vault XP
 C = Vault XP percentage of total XP
 D = Non-vault monster count
 E = Vault monster count
 F = Vault count percentage of total count
                 A         B        C        D         E       F
            +---------+---------+-------+---------+---------+-------
      Total |      54 |       5 |   8.5 |      12 |       3 |  20.0
            +---------+---------+-------+---------+---------+-------
        D:1 |       2 |       5 |  71.4 |       2 |       3 |  60.0
        D:2 |      52 |       0 |   0.0 |      10 |       0 |   0.0
            +---------+---------+-------+---------+---------+-------
